 Dungeon Crawl Stone Soup version 0.24.0-1-gfbc8707122 (webtiles) character file.

Game seed: 7356900081456083348, levelgen mode: classic

123 EnegeticOcto the Sneak (level 5, -2/34 HPs)
             Began as an Octopode Air Elementalist on Oct 27, 2019.
             Killed by divine providence
             ... invoked by an orc priest
              (13 damage)
             ... on level 3 of the Dungeon.
             The game lasted 00:02:22 (3251 turns).

EnegeticOcto the Sneak (Octopode Air Elementalist)  Turns: 3251, Time: 00:02:22

Health: -2/34      AC:  1    Str:  5 (7)  XL:     5   Next: 7%
Magic:  8/8        EV: 19    Int: 16 (18) God:
Gold:   110        SH:  0    Dex: 16 (18) Spells: 7/8 levels left

rFire    . . .     SeeInvis .   d - +0 dagger (venom)
rCold    . . .     Gourm    .   (no shield)
rNeg     . . .     Faith    .   (helmet restricted)
rPois    .         Spirit   .   (no amulet)
rElec    .         Reflect  .   (no ring)
rCorr    .         Harm     .   (no ring)
MR       .....                  (no ring)
Stlth    +++++.....             (no ring)
HPRegen  0.11/turn              (no ring)
MPRegen  0.11/turn              (no ring)
                                (no ring)
                                (no ring)

@: agile
A: almost no armour, stealthy swim, amphibious, 8 rings, constrict 8, camouflage
1, gelatinous body 1
a: no special abilities


You were on level 3 of the Dungeon.
You were not hungry.

You visited 1 branch of the dungeon, and saw 3 of its levels.

You collected 110 gold pieces.

Inventory:

Hand Weapons
 d - a +0 dagger of venom (weapon)
Jewellery
 b - a +3 ring of evasion {unknown}
Scrolls
 a - 3 scrolls of remove curse {@r2}
 c - a scroll of teleportation {@r3 !r}
 f - a scroll of magic mapping {unknown}
 g - a scroll of identify {unknown}
 i - a scroll of blinking {unknown}
 k - a scroll of fear {unknown}
Comestibles
 e - 3 rations


   Skills:
 + Level 2.1 Fighting
 + Level 1.9 Short Blades
 + Level 3.1 Dodging
 + Level 4.2 Stealth
 - Level 2.0 Spellcasting
 - Level 1.0 Conjurations
 - Level 3.0 Air Magic


You had 7 spell levels left.
You knew the following spells:

 Your Spells              Type           Power        Failure   Level  Hunger
a - Shock                 Conj/Air       #...         9%          1    #......

Your spell library contained the following spells:

 Spells                   Type           Power        Failure   Level  Hunger
 Swiftness                Chrm/Air       #.......     17%         2    ###....
 Static Discharge         Conj/Air       #.......     26%         3    ###....
 Airstrike                Air            ##........   52%         4    #####..
 Lightning Bolt           Conj/Air       #.........   94%         5    ######.


Dungeon Overview and Level Annotations

Branches:
Dungeon (3/15)

Altars:
Fedhas

Annotations:
D:2 1 runed translucent door, Crazy Yiuf


Innate Abilities, Weirdness & Mutations

You cannot wear most types of armour.
You are very stealthy in the water. (Stealth+)
You are amphibious.
You can wear up to eight rings at the same time.
You can use your tentacles to constrict eight enemies at once.
Your skin changes colour to match your surroundings (Stealth+).
Your rubbery body absorbs attacks. (AC +1, EV +1)


Message History

HP restored.
You butcher the giant cockroach corpse.
j - 3 chunks of flesh (gained 1)
You now have 99 gold pieces (gained 11).
You butcher the adder corpse.
j - 5 chunks of flesh (gained 2)
You see here an adder skeleton. x2
You now have 110 gold pieces (gained 11).
l - an emerald potion A dart slug comes into view.
Found a stone staircase leading up.
A dart slug is nearby!
A dart slug is nearby!
Found a murky cyan potion.
The helpless dart slug fails to defend itself.
You puncture the dart slug!
You kill the dart slug!
No target in view!
m - a murky cyan potion
Found an escape hatch in the floor.
An orc comes into view. It is wielding a +0 morningstar.
An orc is nearby!
A bat, a rat, 2 orcs and an orc priest come into view.
An orc is wielding a +0 whip of pain.
The orc priest shouts!
The orc shouts!
A hobgoblin comes into view. It is wielding a +0 club.
The orc shouts!
The bat barely misses you. The bat barely misses you. The rat misses you.
The orc priest hits you with a +0 club. The bat hits you but does no damage.
You completely miss the orc priest. You grab the orc priest.
You constrict the orc priest. The bat hits you but does no damage.
The rat barely misses you.
The orc priest calls down the wrath of Beogh upon you.
Pain shoots through your body! The orc hits you with a +0 morningstar!
The bat closely misses you.
You are too injured to fight recklessly!
You are too injured to fight recklessly!
You are too injured to fight recklessly!
You release your grip on the orc priest.
The bat hits you but does no damage.
The rat twitches its whiskers.
Some of the chunks of flesh in your inventory have rotted away.
The rat bites you. The bat hits you. The bat closely misses you.
The bat closely misses you.
The orc priest casts a cantrip, but nothing happens.
The bat hits you but does no damage.
You hit the bat but do no damage. You grab the bat. You constrict the bat.
The bat closely misses you.
The bat escapes!
The rat barely misses you. The bat completely misses you.
There is a stone staircase leading up here.
The bat barely misses you. The rat bites you.
You climb upwards.
Level annotation: 1 runed translucent door, Crazy Yiuf
There is a stone staircase leading down here.
You hit the rat.
You kill the rat!
You see here a rat corpse.
Some of the chunks of flesh in your inventory have rotted away.
There is a stone staircase leading down here.
You start resting.
All of the chunks of flesh in your inventory have rotted away.
HP restored.
You climb downwards.
There is a stone staircase leading up here.
Found a mace.
The orc is too close now for your liking.
The orc priest shouts!
The orc shouts!
You hear a shout! x2
Press: ? - help, v - describe, . - travel The floor.
Press: ? - help, v - describe, . - travel
Here: an orc, wielding a +0 whip of pain The floor.
You hit the orc. Your grab misses the orc.
The orc is lightly wounded.
The orc hits you with a +0 morningstar!
You completely miss the orc. You grab the orc.
The orc is lightly wounded.
You constrict the orc, but do no damage.
The orc hits you with a +0 morningstar!
Really quaff
h - a potion of agility {@q5 !q}?
You feel agile all of a sudden.
You constrict the orc, but do no damage.
The orc struggles to escape constriction.
It was a potion of degeneration.
There was something very wrong with that liquid.
You feel weakened.
You feel dopey.
You feel clumsy.
You constrict the orc, but do no damage.
The orc struggles to escape constriction.
It was a potion of magic.
Magic courses through your body.
You constrict the orc. The orc closely misses you.
You hit the orc but do no damage.
The orc is poisoned.
The orc is heavily wounded.
You constrict the orc.
The orc priest invokes the aid of Beogh against you.
Beogh smites you!
You die...

#.....<...#..##....####
#.......(/.(....[^.#
#........######....#
#.#####.o......##.##
#.# #.o.o....##.### #.#
#.............# #.#
##.#####......#
#.######o#..........#
#.....@oo#####......###
#......#.## ##bo....#..
#.........# #<..o..o...
#.........# ##o..g..#..
#.........# ########oo
#....#....#


#go #.........# #.. #.........# #.. ##..8#8.### #.. You could see an orc priest
and 2 orcs.

Vanquished Creatures
  7 adders
  2 worms (D:2)
  4 dart slugs
  2 leopard geckos
  2 giant cockroaches
  4 goblins
  8 hobgoblins
  7 bats
  4 frilled lizards
  6 kobolds
  5 rats
51 creatures vanquished.

Notes
Turn   | Place    | Note
-------+----------+-------------------------------------------
     0 | D:1      | EnegeticOcto the Octopode Air Elementalist began the quest
                  | for the Orb.
     0 | D:1      | Reached XP level 1. HP: 11/11 MP: 3/3
   143 | D:1      | You fall into a shaft and drop 1 floor!
   260 | D:2      | Reached skill level 3 in Stealth
   269 | D:1      | Reached XP level 2. HP: 18/18 MP: 5/5
   670 | D:1      | Reached skill level 1 in Fighting
  1049 | D:1      | Reached XP level 3. HP: 23/23 MP: 6/6
  1204 | D:2      | Reached skill level 1 in Short Blades
  1541 | D:2      | Reached XP level 4. HP: 28/28 MP: 7/7
  1608 | D:2      | Found a blossoming altar of Fedhas.
  2141 | D:2      | Reached skill level 4 in Stealth
  2204 | D:2      | Found a runed translucent door.
  2205 | D:2      | Noticed Crazy Yiuf
  2812 | D:3      | Reached XP level 5. HP: 20/34 MP: 8/8
  3251 | D:3      | Killed from afar by an orc priest

Levels and vault maps discovered:
D:1:      minmay_arrival_semitransparent, layout_loops_corners
D:2:      layout_loops_cross, first_ration, fedhas_altar_3,
          uniq_crazy_yiuf_cottage
D:3:      layout_basic, minmay_statues_item

Skill      XL: |  1  2  3  4 |
---------------+-------------+-----
Stealth        | 3 4 |  4.2
Fighting       | 1 2 |  2.1
Short Blades   | 1 |  1.9
Dodging        | 3 |  3.1
Spellcasting   | |  2.0
Conjurations   | |  1.0
Air Magic      | |  3.0

Action                   |  1- 3 |  4- 6 || total
-------------------------+-------+-------++-------
Melee: Unarmed           |     8 |       ||     8
       Constrict         |    11 |    18 ||    29
       Tentacles         |    10 |     6 ||    16
       Dagger            |    33 |    61 ||    94
 Cast: Shock             |     2 |       ||     2
  Use: Potion            |     3 |     3 ||     6
       Scroll            |     2 |     1 ||     3
 Stab: Sleeping          |    12 |     8 ||    20
  Eat: Chunk             |     1 |     3 ||     4
       Ration            |       |     1 ||     1
Armor: Skin              |     3 |     8 ||    11
Dodge: Dodged            |    17 |    44 ||    61
